 Dungeon Crawl Stone Soup version 0.21.1-1-g345015f (webtiles) character file.

300 Monsterracer the Firebug (level 6, -2/41 HPs)
             Began as a Demonspawn Fire Elementalist on Apr 25, 2018.
             Killed from afar by an orc wizard (5 damage)
             ... with a puff of frost
             ... on level 4 of the Dungeon.
             The game lasted 00:09:56 (4621 turns).

Monsterracer the Firebug (DsFE)                     Turns: 4621, Time: 00:09:57

Health: -2/41      AC:  6    Str:  9    XL:     6   Next: 13%
Magic:  0/10       EV: 14    Int: 17    God:
Gold:   154        SH:  0    Dex: 14    Spells: 3/11 levels left

rFire    . . .     SeeInvis .   l - -3 mace (curse)
rCold    . . .     Gourm    .   (no shield)
rNeg     + . .     Faith    .   a - +1 robe
rPois    .         Spirit   .   (no helmet)
rElec    .         Reflect  .   (no cloak)
rCorr    .         Harm     .   m - +2 pair of gloves
MR       .....                  (no boots)
Stlth    +++.......             (no amulet)
HPRegen  0.13/turn              b - ring of positive energy {!d}
MPRegen  0.12/turn              (no ring)

@: no status effects
A: repulsion field 1, nightstalker 1, powered by death 1
a: no special abilities


You were on level 4 of the Dungeon.
You were near starving.

You visited 1 branch of the dungeon, and saw 4 of its levels.

You collected 154 gold pieces.

Inventory:

Hand Weapons
 f - a +0 dagger
 l - a cursed -3 mace (weapon)
 o - a +0 war axe
Armour
 a - a +1 robe (worn)
 m - a +2 pair of gloves (worn)
Jewellery
 b - a ring of positive energy (left hand) {!d}
 p - an uncursed ring of ice
Scrolls
 d - a scroll of amnesia
 n - a scroll of identify
Potions
 e - 2 potions of heal wounds {unknown}
 g - a potion of mutation {!q}
 h - a potion of agility
 i - 2 potions of flight
 j - a potion of might
 k - a potion of curing
Comestibles
 c - 4 rations


   Skills:
 - Level 1.7 Dodging
 - Level 1.7 Stealth
 + Level 3.1 Spellcasting
 * Level 3.9 Conjurations
 * Level 4.4 Fire Magic


You had 3 spell levels left.
You knew the following spells:

 Your Spells              Type           Power        Failure   Level  Hunger
a - Flame Tongue          Conj/Fire      ###..        3%          1    None
b - Conjure Flame         Conj/Fire      ###.....     9%          3    ###....
c - Sticky Flame          Conj/Fire      ###.....     30%         4    ####...


Dungeon Overview and Level Annotations

Branches:
Dungeon (4/15)
 Temple: D:4-7

Altars:
Fedhas
Ru


Innate Abilities, Weirdness & Mutations

You are surrounded by a mild repulsion field. (EV +2)
You are slightly more attuned to the shadows.
You regenerate a little health from kills.


Message History

Confirm with . or Enter, or press ? or * to list all spells.
Aiming: Flame Tongue
Press: ? - help, Shift-Dir - straight line, f/p - hound
Aim: a hound (severely wounded)
The flame tongue misses the hound.
The hound barely misses you.
The orc wizard drinks a potion.
The orc wizard suddenly seems more agile.
You now have 5/10 mp.
Casting: Flame Tongue
Confirm with . or Enter, or press ? or * to list all spells.
Aiming: Flame Tongue
Press: ? - help, Shift-Dir - straight line, f/p - hound
Aim: a hound (severely wounded)
The flame tongue hits the hound.
You kill the hound!
The orc wizard hits you but does no damage.
You now have 4/10 mp.
Casting: Flame Tongue
Confirm with . or Enter, or press ? or * to list all spells.
Aiming: Flame Tongue
Press: ? - help, Shift-Dir - straight line, f - orc wizard
Aim: an orc wizard, wielding a short sword and wearing a robe (moderately wounded, unusually agile)
The flame tongue misses the orc wizard.
The orc wizard hits you with a short sword.
You take 2 damage, and have 38/41 hp.
You now have 3/10 mp.
Casting: Flame Tongue
Confirm with . or Enter, or press ? or * to list all spells.
Aiming: Flame Tongue
Press: ? - help, Shift-Dir - straight line, f/p - orc wizard
Aim: an orc wizard, wielding a short sword and wearing a robe (moderately wounded, unusually agile)
The flame tongue misses the orc wizard.
The orc wizard hits you but does no damage.
Unknown command.
Casting: Flame Tongue
Confirm with . or Enter, or press ? or * to list all spells.
Aiming: Flame Tongue
Press: ? - help, Shift-Dir - straight line, f/p - orc wizard
Aim: an orc wizard, wielding a short sword and wearing a robe (moderately wounded, unusually agile)
The flame tongue hits the orc wizard.
The orc wizard is heavily wounded.
The orc wizard casts a spell.
The orc wizard seems to speed up.
Casting: Flame Tongue
Confirm with . or Enter, or press ? or * to list all spells.
Aiming: Flame Tongue
Press: ? - help, Shift-Dir - straight line, f/p - orc wizard
Aim: an orc wizard, wielding a short sword and wearing a robe (heavily wounded, fast, unusually agile)
The flame tongue hits the orc wizard.
The orc wizard is severely wounded.
The orc wizard closely misses you.
You now have 1/10 mp.
Casting: Flame Tongue
Confirm with . or Enter, or press ? or * to list all spells.
Aiming: Flame Tongue
Press: ? - help, Shift-Dir - straight line, f/p - orc wizard
Aim: an orc wizard, wielding a short sword and wearing a robe (severely wounded, fast, unusually agile)
The flame tongue hits the orc wizard.
The orc wizard is almost dead.
The orc wizard points at you and mumbles some strange words.
The puff of flame hits you! The orc wizard misses you.
You take 5 damage, and have 34/41 hp.
You now have 0/10 mp.
Casting: Flame Tongue
Confirm with . or Enter, or press ? or * to list all spells.
You don't have enough magic to cast that spell.
Casting: Flame Tongue
Confirm with . or Enter, or press ? or * to list all spells.
You don't have enough magic to cast that spell.
You closely miss the orc wizard.
The orc wizard is almost dead.
The orc wizard hits you with a short sword.
The orc wizard casts a spell at you. The puff of frost hits you!
You take 13 damage, and have 21/41 hp.
MASSIVE DAMAGE!!
The orc wizard gestures at you while chanting.
The magic dart hits you!
* * * LOW HITPOINT WARNING * * *
You take 1 damage, and have 20/41 hp.
The orc wizard gestures at you while chanting.
The magic dart hits you!
* * * LOW HITPOINT WARNING * * *
You take 6 damage, and have 14/41 hp.
Casting: Flame Tongue
Confirm with . or Enter, or press ? or * to list all spells.
Aiming: Flame Tongue
Press: ? - help, Shift-Dir - straight line, f/p - orc wizard
Aim: an orc wizard, wielding a short sword and wearing a robe (almost dead, fast, unusually agile)
The flame tongue hits the orc wizard.
The orc wizard is almost dead.
The orc wizard hits you but does no damage.
You now have 0/10 mp.
The orc wizard gestures at you while chanting.
The puff of flame hits you!
* * * LOW HITPOINT WARNING * * *
The orc wizard points at you and mumbles some strange words.
The magic dart hits you!
* * * LOW HITPOINT WARNING * * *
You take 11 damage, and have 3/41 hp.
MASSIVE DAMAGE!!
The orc wizard points at you and mumbles some strange words.
The puff of frost hits you!
You die...

###################
#...o.@...........#
#.#####..###.####.## #.#
#..##.#......#
#.#####..#.###.##..#
#....))...## ##....#
#..#)##..#.###.##..#
######..#.#....#.#.###.)#
.......#)#....##.## #..#
###....(<#.>..####
#..####


You could see an orc wizard.

Vanquished Creatures
  A hound (D:4)
  3 orc priests
  Terence (D:2)
  An orc wizard (D:3)
  2 adders (D:2)
  4 gnolls
  An ooze (D:4)
  2 worms
  2 dart slugs
  2 leopard geckos (D:3)
  5 orcs
  3 giant cockroaches
  4 goblins
  5 hobgoblins
  2 quokkas (D:2)
  2 ball pythons
  7 bats
  5 frilled lizards (D:2)
  8 kobolds
  6 rats
66 creatures vanquished.

Vanquished Creatures (others)
  7 fungi (D:3)
7 creatures vanquished.

Grand Total: 73 creatures vanquished

Notes
Turn   | Place    | Note
-------+----------+-------------------------------------------
     0 | D:1      | Monsterracer the Demonspawn Fire Elementalist began the quest for the Orb.
     0 | D:1      | Reached XP level 1. HP: 13/13 MP: 3/3
   405 | D:1      | Reached skill level 3 in Fire Magic
   405 | D:1      | Gained mutation: You regenerate a little health from kills. [demonic ancestry]
   405 | D:1      | Reached XP level 2. HP: 19/19 MP: 0/5
  1277 | D:2      | HP: 8/19 [worm (10)]
  1279 | D:2      | Reached XP level 3. HP: 10/24 MP: 1/6
  1284 | D:2      | Learned a level 3 spell: Conjure Flame
  1401 | D:2      | Noticed Terence
  1455 | D:2      | Killed Terence
  1783 | D:2      | Gained mutation: You are slightly more attuned to the shadows. [demonic ancestry]
  1783 | D:2      | Reached XP level 4. HP: 27/30 MP: 4/7
  2556 | D:2      | Found a sacrificial altar of Ru.
  2830 | D:2      | HP: 11/30 [orc priest/nerve-wracking pain (10)]
  2833 | D:2      | HP: 5/30 [orc (2)]
  2855 | D:2      | HP: 3/30 [orc (3)]
  3297 | D:3      | Reached XP level 5. HP: 35/35 MP: 6/9
  3359 | D:3      | Found a blossoming altar of Fedhas.
  3526 | D:3      | Reached skill level 4 in Fire Magic
  3784 | D:3      | Learned a level 4 spell: Sticky Flame
  3859 | D:3      | HP: 16/35 [something (4)]
  3861 | D:3      | HP: 5/35 [something/puff of flame (11)]
  4107 | D:3      | HP: 14/35 [gnoll/whip (7)]
  4110 | D:3      | HP: 4/35 [gnoll/flail (5)]
  4118 | D:3      | HP: 2/35 [gnoll/whip (7)]
  4487 | D:4      | Gained mutation: You are surrounded by a mild repulsion field. (EV +2) [demonic ancestry]
  4487 | D:4      | Reached XP level 6. HP: 41/41 MP: 5/10
  4614 | D:4      | HP: 20/41 [orc wizard/magic dart (1)]
  4618 | D:4      | HP: 8/41 [orc wizard/puff of flame (6)]
  4618 | D:4      | HP: 3/41 [orc wizard/magic dart (5)]
  4621 | D:4      | Killed from afar by an orc wizard

Skill      XL: |  1  2  3  4  5 |
---------------+----------------+-----
Fire Magic     | 3 4 |  4.4
Conjurations   | 2 3 |  3.9
Spellcasting   | 3 |  3.1
Dodging        | |  1.7
Stealth        | |  1.7

Action                   |  1- 3 |  4- 6 || total
-------------------------+-------+-------++-------
Melee: Unarmed           |     9 |       ||     9
       Dagger            |     8 |     5 ||    13
       Mace              |       |    12 ||    12
 Cast: Flame Tongue      |    54 |   100 ||   154
  Use: Scroll            |       |     9 ||     9
       Potion            |       |     1 ||     1
 Stab: Sleeping          |       |     1 ||     1
  Eat: Chunk             |     3 |     4 ||     7
       Ration            |       |     1 ||     1
Armor: Robe              |    12 |    31 ||    43
Dodge: Dodged            |    34 |    55 ||    89

Vault maps used:
D:1:      minmay_arrival_floating_metal
D:2:      minmay_wonky_spiral, marbit_many_paths, first_ration, uniq_terence
D:3:      fedhas_altar_3
D:4:      minmay_temple_entry_mist
